 Dungeon Crawl Stone Soup version 0.22-a0-480-g991dd4b (webtiles) character file.

10306 Laiders72 the Fighter (level 11, -6/94 HPs)
             Began as a Formicid Fighter on June 15, 2018.
             Was a Priest of the Shining One.
             Mangled by a white ugly thing (17 damage)
             ... on level 11 of the Dungeon.
             The game lasted 00:29:59 (12996 turns).

Laiders72 the Fighter (Formicid Fighter)           Turns: 12996, Time: 00:29:59

Health: -6/94      AC: 18    Str: 27    XL:     11   Next: 90%
Magic:  12/12      EV:  8    Int:  9    God:    the Shining One [***...]
Gold:   394        SH: 12    Dex: 11    Spells: 10/10 levels left

rFire    . . .     SeeInvis +   F - +5 flail
rCold    . . .     Gourm    .   c - +0 shield
rNeg     + . .     Faith    +   t - +0 plate armour
rPois    +         Spirit   .   (helmet unavailable)
rElec    .         Reflect  .   q - +2 cloak
rCorr    .         Harm     .   k - +0 pair of gloves
MR       +....                  (no boots)
Stlth    ..........             d - amulet of faith
HPRegen  0.25/turn              D - ring of poison resistance
MPRegen  0.13/turn              o - ring of flight

@: mighty, glowing
A: permanent stasis, dig shafts and tunnels, four strong arms, antennae 3
a: Dig, Shaft Self, Divine Shield, Renounce Religion, Evoke Flight


You were on level 11 of the Dungeon.
You worshipped the Shining One.
The Shining One was most pleased with you.
You were hungry.

You visited 1 branch of the dungeon, and saw 10 of its levels.
You also visited: Sewer.

You collected 394 gold pieces.

Inventory:

Hand Weapons
 F - a +5 flail (weapon)
Missiles
 v - 7 javelins (quivered)
Armour
 b - +0 fire dragon scales
 c - a +0 shield (worn)
 k - a +0 pair of gloves (worn)
 q - a +2 cloak (worn)
 t - a +0 plate armour (worn)
Jewellery
 a - an uncursed amulet of harm {unknown}
 d - an amulet of faith (around neck)
 o - a ring of flight (right hand)
 D - a ring of poison resistance (left hand)
Wands
 l - a wand of scattershot (7)
 u - a wand of disintegration (28)
 w - a wand of paralysis (5)
 y - a wand of polymorph (9)
 B - a wand of flame (18)
Scrolls
 e - 8 scrolls of identify
 g - a scroll of fear
 i - 3 scrolls of remove curse
 j - a scroll of brand weapon {unknown}
 n - 3 scrolls of enchant weapon
 r - a scroll of magic mapping
 s - a scroll of immolation {unknown}
 x - a scroll of amnesia {unknown}
 A - a scroll of enchant armour {unknown}
 C - a scroll of holy word {unknown}
 E - a scroll of acquirement {unknown}
Potions
 h - 2 potions of brilliance
 m - 2 potions of curing
 p - 2 potions of flight
 z - a potion of invisibility {unknown}
Comestibles
 f - 14 rations


   Skills:
 * Level 11.6 Fighting
 * Level 10.5 Maces & Flails
 + Level 8.7 Armour
 + Level 1.9 Dodging
 - Level 9.0 Shields
 + Level 2.6 Invocations


You had 10 spell levels left.
You didn't know any spells.
Your spell library contained the following spells:

 Spells                   Type           Power        Failure   Level  Hunger
 Fireball                 Conj/Fire      #.........   100%        5    ######.
 Conjure Flame            Conj/Fire      #.......     100%        3    ####...
 Confuse                  Hex            #.......     100%        3    ####...
 Throw Flame              Conj/Fire      #.....       99%         2    ###....
 Sticky Flame             Conj/Fire      #.......     100%        4    #####..
 Tukima's Dance           Hex            #.......     100%        3    ####...
 Flame Tongue             Conj/Fire      #....        98%         1    ##.....
 Ensorcelled Hibernation  Hex/Ice        #.....       99%         2    ###....
 Corona                   Hex            #......      98%         1    ##.....
 Inner Flame              Hex/Fire       #.......     100%        3    ####...
 Dazzling Spray           Conj/Hex       #.....       100%        3    ####...


Dungeon Overview and Level Annotations

Branches:
Dungeon (11/15)              Lair (0/6) D:8
 Temple: D:4-7          Orc: D:9-12

Altars:
Cheibriados
Dithmenos
Gozag
Hepliaklqana
Kikubaaqudgha
Ru
Uskayaw
Wu Jian
Zin
The Shining One

Shops:
D:4 **   D:7 *   D:9 *

Annotations:
D:9 exclusion: obsidian statue


Innate Abilities, Weirdness & Mutations

You cannot be hasted, slowed, berserked, paralysed or teleported.
You can dig through walls and to a lower floor.
Your four strong arms can wield two-handed weapons with a shield.
You have a pair of large antennae on your head. (SInv)


Message History

You kill the brown ugly thing!
The white ugly thing tail-slaps you but does no damage.
The white ugly thing tail-slaps you. The white ugly thing freezes you!
* * * LOW HITPOINT WARNING * * *
You see here a glowing short sword.
The white ugly thing tail-slaps you but does no damage.
You are no longer corroded.
Okay, then.
Okay, then.
Evoke which item? (* to show all) (? for menu, Esc to quit)
Aiming: Paralyse
Press: ? - help, Shift-Dir - straight line, f - white ugly thing
Aim: a white ugly thing (haloed, chance to defeat MR: 28%)
Okay, then.
Okay, then.
You feel very mighty all of a sudden. The white ugly thing tail-slaps you!
* * * LOW HITPOINT WARNING * * *
The white ugly thing freezes you!
You die...

#..# #. ..# #..# #.. #..# #..#
#.. #..# #..#
###..####..#######..####
........................
.........................
#...........####..######..
#........@..# #..# #..
#........u..# #..# #..
#...........# #..# #>.
#...........# #..# #..
.######...........####..######..
..............<.................
.......))((...).................
##############..####..........##
#..# #..........#


You could see a white ugly thing.

Vanquished Creatures
  Harold (D:10)
  The ghost of Nico3ck the Basher, a journeyman DsFi of Hepliaklqana (D:10)
  2 ugly things (D:11)
  A cyclops (D:11)
  A gargoyle (D:11)
  A komodo dragon (D:8)
  A troll (D:11)
  The ghost of Tallim the Spear-Bearer, an amateur MfSk (D:4)
  A hippogriff (D:11)
  Prince Ribbit (D:8)
  Grum (D:10)
  8 yaks
  3 hogs (D:10)
  A human (D:10)
  Eustachio (D:4)
  Duvessa (D:4)
  A hornet zombie (D:11)
  3 sky beasts
  5 orc warriors
  2 phantoms
  An ice beast (D:6)
  5 ogres
  A centaur (D:7)
  2 wolves (D:10)
  2 big kobolds
  9 bullfrogs
  Dowan (D:4)
  4 scorpions
  7 wights
  A howler monkey (D:6)
  A centaur zombie (D:7)
  2 crimson imps
  3 hounds
  3 jellies
  3 orc priests
  A bullfrog skeleton (D:8)
  Jessica (D:2)
  2 iguanas
  11 orc wizards
  8 worker ants
  A hound skeleton (D:9)
  A worker ant zombie (D:9)
  A howler monkey skeleton (D:8)
  10 adders
  7 gnolls
  A shadow imp (D:6)
  13 oozes
  A worm (D:2)
  4 dart slugs
  16 leopard geckos
  50 orcs
  14 ball pythons
  6 bats
  9 giant cockroaches
  6 goblins
  8 hobgoblins
  5 jackals
  5 quokkas
  9 frilled lizards
  13 kobolds
  A leopard gecko skeleton (D:8)
  4 rats
290 creatures vanquished.

Vanquished Creatures (others)
  3 plants (D:8)
3 creatures vanquished.

Grand Total: 293 creatures vanquished

Notes
Turn   | Place    | Note
-------+----------+-------------------------------------------
     0 | D:1      | Laiders72 the Formicid Fighter began the quest for the Orb.
     0 | D:1      | Reached XP level 1. HP: 18/18 MP: 1/1
   160 | D:1      | Reached XP level 2. HP: 11/24 MP: 2/2
   417 | D:1      | Reached XP level 3. HP: 30/30 MP: 3/3
  1356 | D:2      | Found an ancient bone altar of Kikubaaqudgha.
  1440 | D:2      | Found a sacrificial altar of Ru.
  1441 | D:2      | Noticed Jessica
  1444 | D:2      | Killed Jessica
  1444 | D:2      | Reached skill level 4 in Fighting
  1444 | D:2      | Reached XP level 4. HP: 36/37 MP: 4/4
  1492 | D:2      | Found a hide-covered altar of Uskayaw.
  1498 | D:2      | Noticed a hand axe
  1498 | D:2      | Noticed a dagger
  1654 | D:2      | Found a glowing golden altar of the Shining One.
  1654 | D:2      | Noticed an ogre
  1686 | D:2      | Killed an ogre
  1686 | D:2      | Reached XP level 5. HP: 25/43 MP: 5/5
  2003 | D:2      | Became a worshipper of the Shining One
  2053 | D:3      | Reached XP level 6. HP: 18/50 MP: 6/6
  2536 | D:3      | Reached skill level 5 in Fighting
  3375 | D:4      | Found Currok's Assorted Antiques.
  3391 | D:4      | Found an opulent altar of Gozag.
  3391 | D:4      | Noticed a phantom
  3439 | D:4      | Killed a phantom
  3439 | D:4      | Reached XP level 7. HP: 27/56 MP: 7/7
  3703 | D:4      | Noticed Tallim's ghost (amateur MfSk)
  3711 | D:4      | Killed Tallim's ghost
  3711 | D:4      | Reached skill level 5 in Shields
  3760 | D:4      | Reached skill level 6 in Fighting
  3785 | D:4      | Found Guniteuts's Assorted Antiques.
  3821 | D:4      | Reached skill level 5 in Maces & Flails
  3979 | D:4      | Noticed Eustachio
  4019 | D:4      | Killed Eustachio
  4019 | D:4      | Reached skill level 5 in Armour
  4019 | D:4      | Reached XP level 8. HP: 44/65 MP: 8/8
  4142 | D:4      | Noticed Duvessa
  4142 | D:4      | Noticed Dowan
  4160 | D:4      | Killed Duvessa
  4163 | D:4      | Killed Dowan
  4937 | D:4      | You fall through a shaft for 2 floors!
  4944 | D:6      | Reached skill level 7 in Fighting
  5156 | D:6      | Found a hazy altar of Hepliaklqana.
  5231 | D:6      | Reached * piety under the Shining One
  5284 | D:6      | Reached XP level 9. HP: 68/72 MP: 9/9
  5399 | D:6      | Found a glowing drain.
  5424 | Sewer    | Entered a sewer
  5937 | D:6      | Found an ornate altar of the Wu Jian Council.
  5969 | D:6      | Reached skill level 8 in Fighting
  6163 | D:7      | Found Zin's Purification Station.
  6178 | D:7      | Found a glowing silver altar of Zin.
  7175 | D:8      | Reached XP level 10. HP: 70/82 MP: 10/10
  7221 | D:8      | Reached ** piety under the Shining One
  7267 | D:8      | Noticed Prince Ribbit
  7289 | D:8      | Killed Prince Ribbit
  7289 | D:8      | Reached skill level 9 in Fighting
  7326 | D:8      | Found a staircase to the Lair.
  7327 | D:8      | Noticed a komodo dragon
  7603 | D:8      | Killed a komodo dragon
  8151 | D:8      | Found a shadowy altar of Dithmenos.
  8595 | D:9      | Noticed an obsidian statue
  9409 | D:9      | Reached *** piety under the Shining One
  9416 | D:9      | Reached skill level 10 in Fighting
  9690 | D:9      | Found Fimin's Assorted Antiques.
  9798 | D:9      | Found a snail-covered altar of Cheibriados.
 10082 | D:9      | Noticed a rust devil
 10082 | D:9      | Noticed an ice devil
 10167 | D:10     | Entered Level 10 of the Dungeon
 10510 | D:10     | Noticed Grum
 10516 | D:10     | Reached XP level 11. HP: 92/92 MP: 11/11
 10526 | D:10     | Killed Grum
 10670 | D:10     | Noticed Harold
 10691 | D:10     | Killed Harold
 10758 | D:10     | Noticed Nico3ck's ghost (journeyman DsFi)
 10927 | D:10     | Killed Nico3ck's ghost
 10927 | D:10     | Reached skill level 11 in Fighting
 11343 | D:11     | Reached skill level 10 in Maces & Flails
 11372 | D:11     | Reached skill level 1 in Invocations
 11403 | D:10     | Reached skill level 1 in Dodging
 11856 | D:11     | Noticed a cyan ugly thing
 11869 | D:11     | Killed a cyan ugly thing
 11961 | D:11     | Noticed a cyclops
 12254 | D:11     | Killed a cyclops
 12289 | D:11     | HP: 1/93 [gargoyle/stone arrow (20)]
 12948 | D:11     | Noticed a purple ugly thing
 12948 | D:11     | Noticed a brown ugly thing
 12979 | D:11     | Killed a brown ugly thing
 12996 | D:11     | Mangled by a white ugly thing

Vault maps used:
D:1:      lemuel_arrival_funnel
D:2:      dancing_weapons_uskayaw, nicolae_ru_the_path_less_chosen,
          lemuel_crystal_altar, lemuel_coloured_pillars_altar, first_ration,
          hex_tiny, uniq_terence, uniq_jessica
D:4:      nicolae_gozag_seed_capital, serial_shops, shop, shop, uniq_duvessa,
          uniq_eustachio
D:6:      nicolae_overflow_crystal_walls, kennysheep_mini_moat,
          portal_sewer_entry_a
D:7:      zin_purify, hangedman_decor_opposing, kennysheep_small_spiral
D:8:      grunt_dithmenos_smoke, david_lair_shrubbed, uniq_prince_ribbit1
D:9:      serial_column_ruins, column_ruins_temple_circle, column_ruins_grid_1,
          column_ruins_open_medium, column_ruins_open_medium,
          column_ruins_open_tiny, column_ruins_open_tiny,
          column_ruins_corridor_straight, serial_shops, shop,
          minmay_statue_bubble
D:10:     grunt_livestock, uniq_harold, uniq_grum
D:11:     lab_entry_generic
Sewer:    sewer_frog_island_02

Skill      XL: |  1  2  3  4  5  6  7  8  9 10 11 |
---------------+----------------------------------+-----
Shields        | 4 5 6 7 8 9 |  9.0
Fighting       | 4 5 6 7 8 10 11 | 11.6
Maces & Flails | 3 4 5 6 7 9 10 | 10.5
Armour         | 4 5 6 7 8 |  8.7
Invocations    | 2 |  2.6
Dodging        | 1 |  1.9

Action                   |  1- 3 |  4- 6 |  7- 9 | 10-12 || total
-------------------------+-------+-------+-------+-------++-------
Melee: Flail             |    87 |   174 |   407 |   497 ||  1165
Invok: Divine Shield     |       |       |       |     4 ||     4
  Use: Scroll            |     1 |     3 |     3 |     8 ||    15
       Potion            |       |     1 |     2 |     4 ||     7
  Eat: Chunk             |     2 |     6 |    13 |    12 ||    33
       Ration            |       |       |       |     2 ||     2
Armor: Scale mail        |    20 |    64 |    55 |       ||   139
       Fire dragon scale |       |       |   177 |    46 ||   223
       Chain mail        |       |       |     6 |       ||     6
       Plate armour      |       |       |       |   144 ||   144
Dodge: Dodged            |    19 |    63 |   157 |   103 ||   342
Block: Shield            |    40 |    94 |   259 |   280 ||   673

Table legend:
 A = Spawn XP
 B = Non-spawn XP
 C = Spawn XP percentage of total XP
 D = Spawn monster count
 E = Non-spawn monster count
 F = Spawn count percentage of total count
 G = Total turns spent on level
                    A         B        C        D         E        F      G
               +---------+---------+-------+---------+---------+-------+---------
         Total |       0 |   14723 |   0.0 |       0 |     290 |   0.0 | 12996
               +---------+---------+-------+---------+---------+-------+---------
           D:1 |       0 |      36 |   0.0 |       0 |      14 |   0.0 |  1033
           D:2 |       0 |     221 |   0.0 |       0 |      24 |   0.0 |   982
           D:3 |       0 |     148 |   0.0 |       0 |      18 |   0.0 |  1317
           D:4 |       0 |    1180 |   0.0 |       0 |      19 |   0.0 |  1605
           D:6 |       0 |     829 |   0.0 |       0 |      17 |   0.0 |   917
           D:7 |       0 |    1100 |   0.0 |       0 |      31 |   0.0 |   987
           D:8 |       0 |    1617 |   0.0 |       0 |      33 |   0.0 |  1605
           D:9 |       0 |    1318 |   0.0 |       0 |      33 |   0.0 |  1416
          D:10 |       0 |    3740 |   0.0 |       0 |      27 |   0.0 |  2105
          D:11 |       0 |    4276 |   0.0 |       0 |      22 |   0.0 |   724
         Sewer |       0 |     258 |   0.0 |       0 |      52 |   0.0 |   305
               +---------+---------+-------+---------+---------+-------+---------
